 Dungeon Crawl Stone Soup version 0.30-a0-371-gad7725a93e (webtiles) character file.

Game seed: 14978159044817002252

146 Maratek the Covered (level 5, -2/47 HPs)
             Began as a Minotaur Fighter on Nov 22, 2022.
             Killed from afar by Ijyb (8 damage)
             ... with a puff of flame
             ... on level 4 of the Dungeon.
             The game lasted 00:07:07 (2132 turns).

Maratek the Covered (Minotaur Fighter)              Turns: 2132, Time: 00:07:08

Health: -2/47      AC:  7    Str: 21    XL:     5   Next: 7%
Magic:  4/4        EV:  9    Int:  5    God:
Gold:   201        SH:  4    Dex: 11    Spells: 4/4 levels left

rFire   . . .      SeeInvis .    g - +0 dagger (elec)
rCold   . . .      Faith    .    c - +0 buckler
rNeg    . . .      Spirit   .    b - +0 scale mail
rPois   .          Reflect  .    (helmet restricted)
rElec   .          Harm     .    (no cloak)
rCorr   .          Rampage  .    (no gloves)
Will    .....                    (no boots)
Stlth   ..........               (no amulet)
HPRegen 0.27/turn                (no ring)
MPRegen 0.09/turn                (no ring)

@: no status effects
A: horns 2, retaliatory headbutt
a: no special abilities


You were on level 4 of the Dungeon.
You visited 1 branch of the dungeon, and saw 4 of its levels.

You collected 201 gold pieces.

Inventory:

Hand Weapons
 a - a +0 long sword
 g - a +0 dagger of electrocution (weapon)
Armour
 b - a +0 scale mail (worn)
 c - a +0 buckler (worn)
Scrolls
 e - 2 scrolls of identify
 h - 3 scrolls of poison
 i - a scroll of teleportation
 k - a scroll of vulnerability
Potions
 d - 2 potions of curing {unknown}


   Skills:
 + Level 4.4 Fighting
 + Level 1.2(2.5) Short Blades
 + Level 3.9(4.1) Long Blades
 + Level 4.9 Armour
 + Level 0.8 Dodging
 + Level 0.1 Stealth
 + Level 4.0 Shields


You had 4 spell levels left.
You didn't know any spells.
Your spell library was empty.

Dungeon Overview and Level Annotations

Branches:
Dungeon (4/15)
 Temple: D:4-7

Altars:

Shops:
D:4 [

Annotations:
D:4 Blork the orc, Ijyb


Innate Abilities, Weirdness & Mutations

You have a pair of horns on your head.
You reflexively headbutt those who attack you in melee.


Message History

Blork the orc is moderately wounded.
Blork the orc gestures at you while chanting.
The puff of frost hits you. Ijyb barely misses you.
You hit Blork the orc. Your headbutt misses Blork the orc.
Blork the orc is moderately wounded.
Blork the orc hits you but does no damage.
Ijyb screams, "Me very upset!"
You block Ijyb's attack.
You hit Blork the orc but do no damage.
Lightning courses through Blork the orc!
Blork the orc is heavily wounded.
Blork the orc misses you. You furiously retaliate!
You headbutt Blork the orc. Ijyb hits you with a +0 club.
You hit Blork the orc but do no damage.
Blork the orc is heavily wounded.
Blork the orc barely misses you. Ijyb hits you but does no damage.
You completely miss Blork the orc. Your headbutt misses Blork the orc.
Blork the orc is heavily wounded.
You block Ijyb's attack. Blork the orc closely misses you.
You closely miss Blork the orc.
Blork the orc is heavily wounded.
Blork the orc screams, "I'll drink your blood!
Soon!"
Blork the orc hits you with a +0 flail. Ijyb hits you with a +0 club.
You are too injured to fight recklessly!
You are too injured to fight recklessly!
You are too injured to fight recklessly!
You are too injured to fight recklessly!
You are too injured to fight recklessly!
You are too injured to fight recklessly!
You are too injured to fight recklessly!
You hit Blork the orc.
Blork the orc is heavily wounded.
Ijyb hits you with a +0 club.
* * * LOW HITPOINT WARNING * * *
Blork the orc hits you with a +0 flail.
* * * LOW HITPOINT WARNING * * *
You barely miss Blork the orc. You headbutt Blork the orc!
Blork the orc is almost dead.
Ijyb zaps a wand.
The puff of flame hits you!
You die...

##.....## ##......)#
#.>.)..... #.........
#......... #.........
#.go...... ###
####@.....$#
#.#########!..........
###.....................
..........###.#.........
...........##.#.........
.#..<......##.#.........
...........##...........
##.........##.#.#.......
...........##.#..##....


You could see Blork the orc and Ijyb.

Vanquished Creatures
  An orc wizard (D:3)
  3 adders (D:2)
  An ufetubus (D:2)
  A worm (D:3)
  4 dart slugs
  10 orcs (D:3)
  6 ball pythons
  5 bats
  4 endoplasms
  2 giant cockroaches (D:2)
  4 goblins
  6 hobgoblins
  5 quokkas
  2 frilled lizards
  7 kobolds
  6 rats
67 creatures vanquished.

Notes
Turn   | Place    | Note
-------+----------+-------------------------------------------
     0 | D:1      | Maratek the Minotaur Fighter began the quest for the Orb.
     0 | D:1      | Reached XP level 1. HP: 19/19 MP: 0/0
   269 | D:1      | Reached XP level 2. HP: 27/27 MP: 1/1
   664 | D:2      | Found a faded altar of an unknown god.
   714 | D:2      | Reached XP level 3. HP: 30/33 MP: 2/2
  1142 | D:2      | Reached XP level 4. HP: 40/40 MP: 3/3
  1886 | D:3      | Reached skill level 1 in Short Blades
  1944 | D:3      | Reached XP level 5. HP: 47/47 MP: 4/4
  2003 | D:4      | Found Hoizulij's Armour Shop.
  2117 | D:4      | Noticed Ijyb
  2118 | D:4      | Noticed Blork the orc
  2132 | D:4      | Killed from afar by Ijyb

Illustrated notes

Levels and vault maps discovered:
D:1:      lemuel_arrival_behind_the_door_small, layout_loops_ring
D:2:      layout_basic, basic_ecumenical_altar
D:3:      layout_loops_cross
D:4:      layout_rooms, serial_shops, nicolae_shop_statue_plus,
          uniq_blork_the_orc, uniq_ijyb

Skill      XL: |  1  2  3  4 |
---------------+-------------+-----
Long Blades    | 3 |  3.9
Fighting       | 4 |  4.4
Armour         | 4 |  4.9
Shields        | 4 |  4.0
Short Blades   | 1 |  1.2
Dodging        | |  0.8
Stealth        | |  0.1

Action                   |  1- 3 |  4- 6 || total
-------------------------+-------+-------++-------
Melee: Long sword        |    14 |       ||    14
       Headbutt          |     9 |    16 ||    25
       Dagger            |    62 |    82 ||   144
  Use: Scroll            |       |     5 ||     5
       Potion            |       |     3 ||     3
Armor: Scale mail        |    37 |    30 ||    67
Dodge: Dodged            |    40 |    27 ||    67
Block: Buckler           |    19 |    10 ||    29

Table legend: (Time is in decaauts)
 A = Elapsed time spent in this place.
 B = Non-inter-level travel time spent in this place.
 C = Inter-level travel time spent in this place.
 D = Time resting spent in this place.
 E = Time spent auto-exploring this place.
 F = Levels seen in this place.
 G = Mean time per level.
                   A        B        C        D        E       F      G
               +--------+--------+--------+--------+--------+-----+--------+
         Total |   2126 |   2126 |      0 |      0 |   1541 |   4 |  531.5 |
       Dungeon |   2126 |   2126 |      0 |      0 |   1541 |   4 |  531.5 |
               +--------+--------+--------+--------+--------+-----+--------+

Top non-repeatable levels by time:
     D:3: 669 daAuts
     D:1: 667 daAuts
     D:2: 661 daAuts
     D:4: 128 daAuts
